 Dungeon Crawl Stone Soup version 0.30-a0-141-g30f27751c5 (webtiles) character file.

Game seed: 7688550221300829547

78647 qw the Severer (level 15, -1/96 HPs)
             Began as a Gargoyle Fighter on Sept 24, 2022.
             Was a High Priest of Okawaru.
             Slain by a jumping spider (2 damage)
             ... on level 1 of the Spider Nest.
             The game lasted 00:11:06 (25665 turns).

qw the Severer (Gargoyle Fighter)                  Turns: 25665, Time: 00:11:06

Health: -1/96      AC: 44    Str: 29    XL:     15   Next: 61%
Magic:  20/22      EV: 13    Int: 10    God:    Okawaru [*****.]
Gold:   1428       SH: 18    Dex:  9    Spells: 14/14 levels left

rFire   . . .      SeeInvis .    v - +0 broad axe (vorpal)
rCold   . . .      Faith    .    B - +0 tower shield
rNeg    + . .      Spirit   .    s - +2 plate armour {Will+}
rPois   inf        Reflect  .    m - +0 helmet
rElec   +          Harm     .    c - +0 cloak
rCorr   .          Rampage  .    i - +1 pair of gloves {Str+3}
Will    ++...                    w - +2 pair of boots
Stlth   ..........               f - amulet of the acrobat
HPRegen 0.26/turn                l - +4 ring of protection
MPRegen 0.18/turn                k - +4 ring of evasion

@: about to teleport, heroic, finesse-ful, flying
A: sickness immunity, AC +11, big wings, negative energy resistance 1,
electricity resistance, torment resistance 1, petrification resistance
a: Renounce Religion, Heroism, Finesse, Duel


You were on level 1 of the Spider Nest.
You worshipped Okawaru.
Okawaru was extremely pleased with you.
You visited 5 branches of the dungeon, and saw 24 of its levels.

You collected 2224 gold pieces.
You spent 796 gold pieces at shops.


Innate Abilities, Weirdness & Mutations

You are immune to sickness and miasma.
Your stone body is resilient. (AC +11)
You are immune to poison.
Your large and strong wings let you fly.
You resist negative energy. (rN+)
You are resistant to electric shocks. (rElec)
You are resistant to unholy torment.
You are immune to petrification.


   Skills:
 - Level 12.0(17.0) Fighting
 - Level 16.0(21.0) Axes
 - Level 5.1(10.1) Throwing
 - Level 11.7(16.7) Armour
 - Level 2.1(7.1) Dodging
 + Level 12.6(17.6) Shields
 - Level 10.0 Invocations


You had 14 spell levels left.
You didn't know any spells.
Your spell library was empty.

Inventory:

Hand Weapons
 v - a +0 vorpal broad axe (weapon)
 z - the +2 hand axe "Luufisir" {flame, rF+ rN++}
   (You found it on level 5 of the Lair of Beasts)

   It burns those it strikes, dealing additional fire damage.
   Big, fiery blades are also staple armaments of hydra-hunters.
   rF:        It protects you from fire.
   rN:        It greatly protects you from negative energy.
Missiles
 a - a silver boomerang (quivered)
 r - 7 boomerangs
Armour
 c - a +0 cloak (worn)
 i - a +1 pair of gloves of strength (worn)
 m - a +0 helmet (worn)
 s - a +2 plate armour of willpower (worn)
 w - a +2 pair of boots (worn)
 x - a +0 plate armour of fire resistance
 y - the +5 kite shield of the Volcano {rC+++ Int+6 Dex-3}
   (Okawaru gifted it to you on level 5 of the Lair of Beasts)

   Int:       It affects your intelligence (+6).
   Dex:       It affects your dexterity (-3).
   rC:        It renders you almost immune to cold.
 A - the +1 chain mail of the Louse {Contam rC++ rN+++}
   (You bought it in a shop on level 2 of the Orcish Mines)

   rC:        It greatly protects you from cold.
   rN:        It renders you almost immune to negative energy.
   Contam:    It causes magical contamination when unequipped.
 B - a +0 tower shield (worn)
Jewellery
 f - an amulet of the acrobat (around neck)
 h - a ring of ice
 k - a +4 ring of evasion (right hand)
 l - a +4 ring of protection (left hand)
Scrolls
 g - 10 scrolls of identify
 n - 3 scrolls of teleportation
Potions
 b - 3 potions of cancellation
 d - 2 potions of might
 e - 6 potions of mutation
 j - a potion of resistance
 o - a potion of haste
 p - 5 potions of attraction
 q - 3 potions of magic
 t - 4 potions of lignification
 u - 7 potions of curing

Dungeon Overview and Level Annotations

Branches:
Dungeon (15/15)            Temple (1/1) D:4            Lair (5/5) D:9
  Swamp (0/4) Lair:2       Spider (1/4) Lair:3        Slime (0/5) Lair:4
    Orc (2/2) D:11            Elf (0/3) Orc:2        Vaults (0/5) D:14
 Depths (0/4) D:15

Altars:
Ashenzari
Cheibriados
Dithmenos
Elyvilon
Fedhas
Gozag
Hepliaklqana
Kikubaaqudgha
Makhleb
Nemelex Xobeh
Okawaru
Qazlal
Ru
Sif Muna
Trog
Uskayaw
Vehumet
Wu Jian
Xom
Yredelemnul
Zin
The Shining One
Jiyva

Shops:
D:3 =   Orc:2 :[:!

Portals:
Abyss: Lair:1
Trove: D:11 (give 13 scrolls of teleportation)

Annotations:
D:7 2 transporters, jlumianski's ghost, novice KoBe
Lair:1 2 transporters, qw's ghost, journeyman GrFi
Lair:4 1 runed translucent door, qw's ghost, journeyman GrFi
Orc:1 1 transporter


Message History

You slice the jumping spider!!
You kill the jumping spider!
Okawaru accepts your kill.
You start resting.
You feel like a meek peon again.
Your surroundings suddenly seem different. 8 spiders and 2 electric eels come into view.
The jumping spider's many legs skitter faintly. x3
The tarantella's many legs skitter faintly.
The wolf spider's many legs skitter.
The culicivora's many legs skitter faintly.
You hear a faint skittering sound.
The jumping spider pounces on you but does no damage.
You block the jumping spider's attack.
A jumping spider comes into view.
The jumping spider leaps!
The electric eel shoots out a bolt of lightning at you!
The bolt of electricity misses you.
The jumping spider pounces on you but does no damage.
The jumping spider misses you.
A redback comes into view.
The jumping spider moves out of view. x2
The jumping spider's many legs skitter faintly.
Enter note:
25664 ||| READING 4 scrolls of teleportation.
As you read the scroll of teleportation, it crumbles to dust.
You feel strangely unstable.
The jumping spider leaps!
The jumping spider pounces on you. You block the jumping spider's attack.
The electric eel shoots out a bolt of lightning at you!
The bolt of electricity hits you. You resist.
The jumping spider leaps!
A jumping spider comes into view.
The jumping spider's many legs skitter faintly.
25665 ||| INVOKING Heroism.
You gain the combat prowess of a mighty hero.
You block the jumping spider's attack. x2; The jumping spider leaps!
A jumping spider comes into view.
The electric eel shoots out a bolt of lightning at you!
The bolt of electricity hits you. You resist.
The jumping spider pounces on you.
You die...

#..~~..~~s~0~~s
..~~~0~~~~~~~~~
#.ss~..s~~~..~~
#.s~..~~ss..~~~
.sS~~~..~..~~
~~.~~~~~S~.
#.s~~...~~
#@~~..~#
###....# ####


You could see a wolf spider, 5 jumping spiders, 2 tarantellas, 2 redbacks and 2
electric eels.

Vanquished Creatures
  An emperor scorpion (Spider:1)
  3 orc warlords (Orc:1)
  2 ettins
  An ogre mage (D:14)
  3 hydras
  5 boulder beetles
  A merfolk avatar (Lair:5)
  3 centaur warriors
  A death knight (D:15)
  4 two-headed ogres
  4 tengu warriors
  3 orc high priests (Orc:2)
  3 sea snakes (Lair:5)
  A deep troll (shapeshifter) (D:13)
  2 deep trolls (D:15)
  2 wizards (D:15)
  A steelbarb worm (Spider:1)
  A necromancer (D:15)
  4 orc knights (Orc:2)
  A harpy (Lair:5)
  An oklob plant (Lair:4)
  2 wolf spiders (Spider:1)
  6 ugly things (D:15)
  2 deep elf pyromancers
  3 manticores
  6 orc sorcerers
  4 cyclopes
  3 elephants (Lair:5)
  Maurice (D:12)
  2 black mambas
  Joseph (D:7)
  A torpor snail (Spider:1)
  A gargoyle (D:12)
  12 cane toads
  An unseen horror (D:13)
  A cane toad (shapeshifter) (D:13)
  4 komodo dragons
  A demonic crawler (Spider:1)
  A freezing wraith (D:15)
  2 rime drakes
  4 kobold demonologists
  An efreet (D:15)
  2 tengu conjurers
  3 meliai (D:15)
  7 trolls
  A polar bear (Lair:5)
  14 blink frogs
  A snapping turtle (Lair:5)
  A tarantella (Spider:1)
  12 dream sheep
  A jumping spider (Spider:1)
  3 shadows
  3 wraiths
  5 wyverns
  A human (shapeshifter) (D:13)
  33 yaks
  3 steam dragons
  2 basilisks
  A redback (Lair:3)
  15 vampire mosquitoes
  Menkaure (D:7)
  Edmund (D:5)
  5 acid dragons
  8 wargs
  15 water moccasins
  11 ogres
  33 orc warriors
  8 black bears
  8 wolves
  14 centaurs
  4 phantoms
  7 kobold brigands
  14 bullfrogs
  A wyvern zombie (D:6)
  5 scorpions
  A water moccasin zombie (D:6)
  A water moccasin skeleton (D:6)
  17 wights
  15 killer bees
  3 vampire bats (D:4)
  6 howler monkeys
  An electric eel (Lair:5)
  A centaur zombie (D:6)
  A jelly (D:5)
  3 gnoll boudas
  24 orc priests
  4 hounds (D:4)
  2 bullfrog skeletons (D:6)
  2 centaur skeletons (D:6)
  3 iguanas
  Ijyb (D:4)
  20 orc wizards
  2 howler monkey zombies (D:6)
  9 gnolls
  A howler monkey skeleton (D:6)
  7 adders
  3 shadow imps (D:5)
  2 white imps (D:5)
  5 ufetubi (D:5)
  2 worms
  2 dart slugs
  71 orcs
  A bat (D:1)
  3 bat skeletons (D:4)
  2 bat zombies (D:4)
  7 endoplasms
  5 giant cockroaches
  7 goblins
  8 hobgoblins
  2 jackals (D:2)
  17 kobolds
  2 quokkas
  8 ball pythons
  3 frilled lizards
  3 rats
626 creatures vanquished.

Vanquished Creatures (others)
  4 demonic plants (D:5)
  52 fungi
  56 plants
  A withered plant (D:6)
113 creatures vanquished.

Grand Total: 739 creatures vanquished

Notes
Turn   | Place    | Note
-------+----------+-------------------------------------------
     0 | D:1      | qw the Gargoyle Fighter began the quest for the Orb.
     0 | D:1      | Reached XP level 1. HP: 14/14 MP: 1/1
     0 | D:1      | 0 ||| qw: Version: 0.1.0-9-gbc19398
     0 | D:1      | 0 ||| qw: Game counter: 49
     0 | D:1      | 0 ||| qw: Always use a shield: true
     0 | D:1      | 0 ||| qw: God list: Okawaru
     0 | D:1      | 0 ||| qw: Allow faded altars: false
     0 | D:1      | 0 ||| qw: Do Orc after D:15 true
     0 | D:1      | 0 ||| qw: Do second Lair branch before Depths: true
     0 | D:1      | 0 ||| qw: Lair rune preference: random
     0 | D:1      | 0 ||| qw: Plans: Normal, Zot:1-4, God:TSO, Crypt, Tomb,
                  | Pan, Slime:5, Hells, Abyss, Orb
     0 | D:1      | 0 ||| PLANNING D:1-11
   193 | D:1      | Reached skill level 2 in Axes
   211 | D:1      | 211 ||| Stepping ~*~*~tactically~*~*~ (stealth).
   256 | D:1      | 256 ||| Stepping ~*~*~tactically~*~*~ (stealth).
   257 | D:1      | 257 ||| Stepping ~*~*~tactically~*~*~ (stealth).
   269 | D:1      | Reached XP level 2. HP: 11/19 MP: 2/2
   355 | D:1      | 355 ||| Stepping ~*~*~tactically~*~*~ (stealth).
   360 | D:1      | 360 ||| Stepping ~*~*~tactically~*~*~ (stealth).
   361 | D:1      | 361 ||| Stepping ~*~*~tactically~*~*~ (stealth).
   583 | D:1      | Reached skill level 3 in Axes
   593 | D:1      | Reached XP level 3. HP: 11/23 MP: 3/3
  1227 | D:1      | 1227 ||| READING scroll labelled TESURPH EVURCH.
  1228 | D:1      | 1228 ||| READING scroll labelled HAUPROIHUSM.
  1231 | D:1      | 1231 ||| READING scroll labelled MIVIVI MOMOULA.
  1659 | D:2      | Found a glowing golden altar of the Shining One.
  1699 | D:2      | 1699 ||| Stepping ~*~*~tactically~*~*~ (stealth).
  1704 | D:2      | Reached XP level 4. HP: 26/28 MP: 4/4
  1798 | D:2      | 1798 ||| Stepping ~*~*~tactically~*~*~ (hiding).
  2012 | D:2      | 2012 ||| UPGRADING to +0 chain mail.
  2022 | D:2      | 2022 ||| DROPPING +0 scale mail.
  2023 | D:2      | 2023 ||| READING scroll labelled CEFAL LENTO.
  2024 | D:2      | 2024 ||| READING 2 scrolls labelled EBIWNAEROURGH.
  2025 | D:2      | 2025 ||| READING scroll labelled MEAGEU UXZOHEE.
  2032 | D:3      | 2032 ||| STAIRDANCE
  2082 | D:3      | Found a shimmering blue altar of Sif Muna.
  2105 | D:3      | Reached skill level 4 in Axes
  2150 | D:3      | 2150 ||| DROPPING +1 vorpal hand axe.
  2238 | D:3      | 2238 ||| UPGRADING to +0 pair of boots.
  2275 | D:3      | Found a basalt altar of Yredelemnul.
  2299 | D:3      | Found a glowing golden altar of the Shining One.
  2301 | D:3      | Noticed an angel
  2541 | D:3      | Found Aharic's Jewellery Shoppe.
  2547 | D:3      | 2547 ||| SHOPLISTING amulet of guardian spirit (420 gold,
                  | have 159).
  2547 | D:3      | 2547 ||| SHOPLISTING amulet of the acrobat (420 gold, have
                  | 159).
  2547 | D:3      | 2547 ||| SHOPLISTING ring "Gasye" {Fire Will++ Str+4 Int-3}
                  | (673 gold, have 159).
  2547 | D:3      | 2547 ||| SHOPLISTING ring "Kussen" {EV+4 Str+3} (690 gold,
                  | have 159).
  2547 | D:3      | 2547 ||| SHOPLISTING ring "Tomneg" {Fire rPois Dex+4} (624
                  | gold, have 159).
  2547 | D:3      | 2547 ||| SHOPLISTING ring of fire (350 gold, have 159).
  2547 | D:3      | 2547 ||| SHOPLISTING ring of ice (350 gold, have 159).
  2547 | D:3      | 2547 ||| SHOPLISTING ring of protection from fire (350
                  | gold, have 159).
  2547 | D:3      | 2547 ||| SHOPLISTING ring of willpower (350 gold, have
                  | 159).
  2621 | D:3      | 2621 ||| Stepping ~*~*~tactically~*~*~ (stealth).
  2663 | D:3      | 2663 ||| Stepping ~*~*~tactically~*~*~ (stealth).
  2678 | D:3      | Noticed a kobold brigand
  2679 | D:3      | 2679 ||| Stepping ~*~*~tactically~*~*~ (stealth).
  2699 | D:3      | Killed a kobold brigand
  2700 | D:3      | Reached skill level 5 in Axes
  2700 | D:3      | Reached XP level 5. HP: 21/32 MP: 5/5
  2740 | D:3      | 2740 ||| FLEEEEING.
  2741 | D:3      | 2741 ||| FLEEEEING.
  2742 | D:3      | 2742 ||| FLEEEEING.
  2743 | D:3      | 2743 ||| FLEEEEING.
  2744 | D:3      | 2744 ||| FLEEEEING.
  2778 | D:3      | Noticed a kobold brigand
  2820 | D:3      | HP: 6/32 [kobold brigand/+0 dagger of speed (4)]
  2822 | D:3      | Killed a kobold brigand
  2823 | D:3      | Reached XP level 6. HP: 8/39 MP: 6/6
  2937 | D:3      | 2937 ||| Stepping ~*~*~tactically~*~*~ (water).
  3090 | D:3      | 3090 ||| READING scroll of enchant weapon.
  3090 | D:3      | 3090 ||| ENCHANTING +1 war axe.
  3157 | D:3      | 3157 ||| READING scroll labelled IJULUZX EMUAS.
  3158 | D:3      | 3158 ||| READING scroll labelled FOATHU TAUTH.
  3159 | D:3      | 3159 ||| READING scroll labelled XAUTET PESA.
  3160 | D:3      | 3160 ||| DRINKING 2 viscous ruby potions.
  3180 | D:4      | 3180 ||| FLEEEEING.
  3181 | D:4      | 3181 ||| FLEEEEING.
  3182 | D:4      | 3182 ||| FLEEEEING.
  3183 | D:4      | 3183 ||| STAIRDANCE
  3215 | D:4      | 3215 ||| STAIRDANCE
  3232 | D:4      | 3232 ||| STAIRDANCE
  3283 | D:4      | 3283 ||| DROPPING +0 whip.
  3287 | D:4      | 3287 ||| Stepping ~*~*~tactically~*~*~ (stealth).
  3291 | D:4      | 3291 ||| Stepping ~*~*~tactically~*~*~ (stealth).
  3298 | D:4      | 3298 ||| Stepping ~*~*~tactically~*~*~ (stealth).
  3299 | D:4      | 3299 ||| Stepping ~*~*~tactically~*~*~ (stealth).
  3320 | D:4      | Found an ancient bone altar of Kikubaaqudgha.
  3372 | D:4      | Reached skill level 6 in Axes
  3375 | D:4      | 3375 ||| Stepping ~*~*~tactically~*~*~ (stealth).
  3376 | D:4      | 3376 ||| Stepping ~*~*~tactically~*~*~ (stealth).
  3377 | D:4      | 3377 ||| Stepping ~*~*~tactically~*~*~ (stealth).
  3378 | D:4      | 3378 ||| Stepping ~*~*~tactically~*~*~ (stealth).
  3383 | D:4      | Reached skill level 1 in Dodging
  3383 | D:4      | Reached XP level 7. HP: 34/44 MP: 7/7
  3388 | D:4      | 3388 ||| Stepping ~*~*~tactically~*~*~ (stealth).
  3850 | D:4      | Noticed Ijyb
  3851 | D:4      | 3851 ||| DRINKING potion of curing.
  3851 | D:4      | 3851 ||| (to cure confusion)
  3860 | D:4      | Killed Ijyb
  3861 | D:4      | Reached skill level 7 in Axes
  4434 | D:4      | Found a staircase to the Ecumenical Temple.
  4435 | D:4      | 4435 ||| PLANNING TEMPLE
  4435 | D:4      | 4435 ||| UPGRADING to +0 helmet.
  4440 | D:4      | 4440 ||| UPGRADING to +6 ring of strength.
  4441 | D:4      | 4441 ||| UPGRADING to +4 ring of evasion.
  4442 | D:4      | 4442 ||| READING scroll labelled NUMEAP JEPU.
  4443 | D:4      | 4443 ||| READING 4 scrolls of identify.
  4443 | D:4      | 4443 ||| IDENTIFYING dark potion
  4444 | D:4      | 4444 ||| READING 3 scrolls of identify.
  4444 | D:4      | 4444 ||| IDENTIFYING sedimented pink potion
  4445 | D:4      | 4445 ||| READING 2 scrolls of identify.
  4445 | D:4      | 4445 ||| IDENTIFYING metallic emerald potion
  4446 | D:4      | 4446 ||| DROPPING potion of degeneration.
  4452 | Temple   | Entered the Ecumenical Temple
  4613 | Temple   | 4613 ||| PLANNING D:1-11
  4625 | Temple   | Became a worshipper of Warmaster Okawaru
  4859 | D:5      | Entered Level 5 of the Dungeon
  4860 | D:5      | 4860 ||| STAIRDANCE
  4868 | D:5      | 4868 ||| STAIRDANCE
  4917 | D:5      | 4917 ||| STAIRDANCE
  5028 | D:5      | 5028 ||| Stepping ~*~*~tactically~*~*~ (hiding).
  5030 | D:5      | 5030 ||| Stepping ~*~*~tactically~*~*~ (hiding).
  5031 | D:5      | 5031 ||| Stepping ~*~*~tactically~*~*~ (hiding).
  5032 | D:5      | 5032 ||| Stepping ~*~*~tactically~*~*~ (hiding).
  5108 | D:5      | 5108 ||| FLEEEEING.
  5109 | D:5      | 5109 ||| FLEEEEING.
  5122 | D:5      | Reached XP level 8. HP: 25/49 MP: 8/8
  5287 | D:5      | Noticed Edmund
  5288 | D:5      | 5288 ||| Stepping ~*~*~tactically~*~*~ (hiding).
  5305 | D:5      | Killed Edmund
  5306 | D:5      | Reached skill level 8 in Axes
  5554 | D:5      | Reached * piety under Okawaru
  5767 | D:5      | Identified the +2 whip "Uloritug" {drain, rC+ Str+5}
  5943 | D:5      | 5943 ||| INVOKING Heroism.
  5945 | D:5      | Reached skill level 1 in Invocations
  5980 | D:5      | 5980 ||| INVOKING Heroism.
  6065 | D:5      | 6065 ||| INVOKING Heroism.
  6070 | D:5      | Reached skill level 1 in Throwing
  6146 | D:5      | 6146 ||| DROPPING amulet of magic regeneration.
  6147 | D:5      | 6147 ||| READING scroll labelled ATOISA JEAQ.
  6148 | D:5      | 6148 ||| READING scroll labelled AMET LAGRAIRR.
  6255 | D:6      | 6255 ||| Stepping ~*~*~tactically~*~*~ (stealth).
  6268 | D:6      | 6268 ||| Stepping ~*~*~tactically~*~*~ (stealth).
  6270 | D:6      | 6270 ||| Stepping ~*~*~tactically~*~*~ (stealth).
  6271 | D:6      | 6271 ||| Stepping ~*~*~tactically~*~*~ (stealth).
  6272 | D:6      | 6272 ||| Stepping ~*~*~tactically~*~*~ (stealth).
  6276 | D:6      | Reached skill level 3 in Invocations
  6285 | D:6      | Found a sacrificial altar of Ru.
  6293 | D:6      | Found a hide-covered altar of Uskayaw.
  6294 | D:6      | Found an ornate altar of the Wu Jian Council.
  6296 | D:6      | Found a snail-covered altar of Cheibriados.
  6296 | D:6      | Found a burning altar of Makhleb.
  6297 | D:6      | Found a white marble altar of Elyvilon.
  6303 | D:6      | Found a bloodstained altar of Trog.
  6305 | D:6      | 6305 ||| Stepping ~*~*~tactically~*~*~ (hiding).
  6309 | D:6      | 6309 ||| Stepping ~*~*~tactically~*~*~ (stealth).
  6310 | D:6      | 6310 ||| Stepping ~*~*~tactically~*~*~ (stealth).
  6311 | D:6      | 6311 ||| Stepping ~*~*~tactically~*~*~ (stealth).
  6316 | D:6      | 6316 ||| INVOKING Heroism.
  6335 | D:6      | 6335 ||| Stepping ~*~*~tactically~*~*~ (stealth).
  6337 | D:6      | 6337 ||| Stepping ~*~*~tactically~*~*~ (stealth).
  6485 | D:6      | Reached XP level 9. HP: 55/55 MP: 10/12
  6507 | D:6      | Reached skill level 6 in Fighting
  6667 | D:6      | 6667 ||| Stepping ~*~*~tactically~*~*~ (stealth).
  6672 | D:6      | Reached ** piety under Okawaru
  6677 | D:6      | 6677 ||| Stepping ~*~*~tactically~*~*~ (stealth).
  6680 | D:6      | 6680 ||| Stepping ~*~*~tactically~*~*~ (stealth).
  6693 | D:6      | 6693 ||| Stepping ~*~*~tactically~*~*~ (stealth).
  6706 | D:6      | 6706 ||| INVOKING Heroism.
  6712 | D:6      | Reached skill level 9 in Axes
  7135 | D:6      | 7135 ||| UPGRADING to +0 plate armour.
  7145 | D:6      | 7145 ||| DROPPING +0 chain mail.
  7146 | D:6      | 7146 ||| UPGRADING to +4 ring of protection.
  7148 | D:6      | 7148 ||| DROPPING +6 ring of strength.
  7149 | D:6      | 7149 ||| READING scroll labelled DIEHOA QOREM.
  7150 | D:6      | 7150 ||| READING 4 scrolls of identify.
  7150 | D:6      | 7150 ||| IDENTIFYING purple potion
  7151 | D:6      | 7151 ||| READING 3 scrolls of identify.
  7151 | D:6      | 7151 ||| IDENTIFYING pink potion
  7152 | D:6      | 7152 ||| READING 2 scrolls of identify.
  7152 | D:6      | 7152 ||| IDENTIFYING smoky brown potion
  7153 | D:6      | 7153 ||| DROPPING potion of ambrosia.
  7154 | D:6      | 7154 ||| DROPPING potion of invisibility.
  7278 | D:7      | Noticed Joseph
  7280 | D:7      | 7280 ||| FLEEEEING.
  7281 | D:7      | 7281 ||| FLEEEEING.
  7282 | D:7      | 7282 ||| FLEEEEING.
  7283 | D:7      | 7283 ||| FLEEEEING.
  7284 | D:7      | 7284 ||| FLEEEEING.
  7285 | D:7      | 7285 ||| FLEEEEING.
  7286 | D:7      | 7286 ||| FLEEEEING.
  7287 | D:7      | 7287 ||| FLEEEEING.
  7288 | D:7      | 7288 ||| FLEEEEING.
  7289 | D:7      | 7289 ||| FLEEEEING.
  7290 | D:7      | 7290 ||| FLEEEEING.
  7291 | D:7      | 7291 ||| FLEEEEING.
  7292 | D:7      | 7292 ||| FLEEEEING.
  7293 | D:7      | 7293 ||| FLEEEEING.
  7294 | D:7      | 7294 ||| FLEEEEING.
  7295 | D:7      | 7295 ||| FLEEEEING.
  7296 | D:7      | 7296 ||| FLEEEEING.
  7297 | D:7      | 7297 ||| FLEEEEING.
  7300 | D:7      | 7300 ||| STAIRDANCE
  7345 | D:7      | Killed Joseph
  7346 | D:7      | Reached skill level 6 in Armour
  7457 | D:7      | 7457 ||| Stepping ~*~*~tactically~*~*~ (hiding).
  7650 | D:7      | Noticed Menkaure
  7651 | D:7      | 7651 ||| Stepping ~*~*~tactically~*~*~ (hiding).
  7656 | D:7      | 7656 ||| INVOKING Heroism.
  7659 | D:7      | Killed Menkaure
  7733 | D:7      | Found a blossoming altar of Fedhas.
  7736 | D:7      | 7736 ||| Stepping ~*~*~tactically~*~*~ (stealth).
  7737 | D:7      | 7737 ||| Stepping ~*~*~tactically~*~*~ (stealth).
  7739 | D:7      | 7739 ||| Stepping ~*~*~tactically~*~*~ (hiding).
  7789 | D:7      | 7789 ||| INVOKING Heroism.
  7796 | D:7      | Reached *** piety under Okawaru
  7797 | D:7      | Reached XP level 10. HP: 63/63 MP: 11/13
  7839 | D:7      | 7839 ||| INVOKING Heroism.
  8013 | D:7      | 8013 ||| INVOKING Heroism.
  8023 | D:7      | Reached skill level 10 in Axes
  8097 | D:7      | 8097 ||| INVOKING Heroism.
  8410 | D:7      | Noticed jlumianski's ghost (novice KoBe)
  8412 | D:7      | Noticed a moth of wrath
  8413 | D:7      | Found a bloodstained altar of Trog.
  8434 | D:7      | Found a transporter.
  8436 | D:7      | Noticed a two-headed ogre
  8446 | D:7      | Found a transporter.
  8506 | D:7      | 8506 ||| UPGRADING to amulet of the acrobat.
  8511 | D:7      | 8511 ||| READING 2 scrolls of identify.
  8511 | D:7      | 8511 ||| IDENTIFYING coppery potion
  8546 | D:8      | 8546 ||| PLANNING OSSUARY
  8680 | D:8      | 8680 ||| Stepping ~*~*~tactically~*~*~ (hiding).
  8813 | D:8      | 8813 ||| INVOKING Heroism.
  8960 | D:8      | 8960 ||| DROPPING +0 flail.
  8961 | D:8      | 8961 ||| DROPPING +2 whip "Uloritug" {drain, rC+ Str+5}.
  9098 | D:8      | 9098 ||| Stepping ~*~*~tactically~*~*~ (stealth).
  9099 | D:8      | 9099 ||| Stepping ~*~*~tactically~*~*~ (stealth).
  9103 | D:8      | 9103 ||| Stepping ~*~*~tactically~*~*~ (stealth).
  9104 | D:8      | 9104 ||| Stepping ~*~*~tactically~*~*~ (stealth).
  9116 | D:8      | Reached skill level 3 in Throwing
  9168 | D:8      | 9168 ||| Stepping ~*~*~tactically~*~*~ (stealth).
  9171 | D:8      | 9171 ||| Stepping ~*~*~tactically~*~*~ (stealth).
  9173 | D:8      | 9173 ||| Stepping ~*~*~tactically~*~*~ (stealth).
  9176 | D:8      | 9176 ||| Stepping ~*~*~tactically~*~*~ (stealth).
  9177 | D:8      | 9177 ||| Stepping ~*~*~tactically~*~*~ (stealth).
  9178 | D:8      | 9178 ||| Stepping ~*~*~tactically~*~*~ (stealth).
  9179 | D:8      | 9179 ||| Stepping ~*~*~tactically~*~*~ (stealth).
  9180 | D:8      | 9180 ||| Stepping ~*~*~tactically~*~*~ (stealth).
  9181 | D:8      | 9181 ||| Stepping ~*~*~tactically~*~*~ (stealth).
  9235 | D:8      | 9235 ||| RIP OSSUARY
  9255 | D:8      | 9255 ||| PLANNING D:1-11
  9390 | D:8      | 9390 ||| INVOKING Heroism.
  9598 | D:8      | Found a broken altar of Ashenzari.
  9633 | D:8      | 9633 ||| READING scroll labelled EPULOQ LEMPUH.
  9674 | D:9      | 9674 ||| INVOKING Heroism.
  9686 | D:9      | Reached **** piety under Okawaru
  9833 | D:9      | Found a staircase to the Lair.
  9918 | D:9      | 9918 ||| INVOKING Heroism.
  9933 | D:9      | 9933 ||| Stepping ~*~*~tactically~*~*~ (hiding).
 10025 | D:9      | 10025 ||| INVOKING Heroism.
 10354 | D:9      | Found a sparkling altar of Nemelex Xobeh.
 10386 | D:9      | 10386 ||| Stepping ~*~*~tactically~*~*~ (stealth).
 10504 | D:9      | 10504 ||| INVOKING Heroism.
 10505 | D:9      | 10505 ||| Stepping ~*~*~tactically~*~*~ (stealth).
 10512 | D:9      | Reached XP level 11. HP: 68/68 MP: 12/15
 10513 | D:9      | 10513 ||| Stepping ~*~*~tactically~*~*~ (stealth).
 10519 | D:9      | Reached skill level 6 in Invocations
 10528 | D:9      | 10528 ||| Stepping ~*~*~tactically~*~*~ (stealth).
 10762 | D:9      | 10762 ||| PLANNING LAIR
 10762 | D:9      | 10762 ||| READING 2 scrolls of identify.
 10762 | D:9      | 10762 ||| IDENTIFYING yellow potion
 10800 | Lair:1   | Entered Level 1 of the Lair of Beasts
 10810 | Lair:1   | Noticed a rakshasa
 10811 | Lair:1   | Found a transporter.
 10817 | Lair:1   | Noticed a purple very ugly thing
 10868 | Lair:1   | 10868 ||| INVOKING Heroism.
 10871 | Lair:1   | Reached skill level 11 in Axes
 10944 | Lair:1   | 10944 ||| READING scroll of enchant weapon.
 10944 | Lair:1   | 10944 ||| ENCHANTING +2 war axe of freezing.
 11079 | Lair:1   | 11079 ||| INVOKING Heroism.
 11091 | Lair:1   | Reached ***** piety under Okawaru
 11156 | Lair:1   | 11156 ||| INVOKING Heroism.
 11165 | Lair:1   | Reached skill level 9 in Fighting
 11177 | Lair:1   | Received a gift from Okawaru
 11372 | Lair:1   | 11372 ||| INVOKING Heroism.
 11455 | Lair:1   | Found a one-way gate to the infinite horrors of the Abyss.
 11462 | Lair:1   | Found a transporter.
 11462 | Lair:1   | Noticed a brown ugly thing
 11464 | Lair:1   | Noticed a spriggan rider
 11471 | Lair:1   | Noticed qw's ghost (journeyman GrFi)
 11527 | Lair:1   | 11527 ||| INVOKING Heroism.
 11570 | Lair:1   | 11570 ||| INVOKING Heroism.
 11763 | Lair:1   | 11763 ||| UPGRADING to +0 buckler of fire resistance.
 11773 | Lair:1   | 11773 ||| DROPPING +0 buckler.
 11774 | Lair:1   | 11774 ||| DRINKING 2 lumpy pink potions.
 11775 | Lair:1   | 11775 ||| READING 2 scrolls of identify.
 11775 | Lair:1   | 11775 ||| IDENTIFYING lumpy coppery potion
 11805 | Lair:2   | 11805 ||| INVOKING Heroism.
 11816 | Lair:2   | Received a gift from Okawaru
 11817 | Lair:2   | Reached skill level 9 in Invocations
 11948 | Lair:2   | 11948 ||| INVOKING Heroism.
 11952 | Lair:2   | 11952 ||| Stepping ~*~*~tactically~*~*~ (stealth).
 11953 | Lair:2   | 11953 ||| Stepping ~*~*~tactically~*~*~ (stealth).
 12046 | Lair:2   | 12046 ||| Stepping ~*~*~tactically~*~*~ (stealth).
 12048 | Lair:2   | 12048 ||| Stepping ~*~*~tactically~*~*~ (stealth).
 12418 | Lair:2   | Found a staircase to the Swamp.
 12419 | Lair:2   | 12419 ||| Stepping ~*~*~tactically~*~*~ (stealth).
 12430 | Lair:2   | Reached XP level 12. HP: 76/76 MP: 19/19
 12617 | Lair:2   | 12617 ||| UPGRADING to +0 pair of gloves.
 12622 | Lair:2   | 12622 ||| READING scroll labelled OMA LAYRPHA.
 12645 | Lair:3   | 12645 ||| INVOKING Heroism.
 12679 | Lair:3   | 12679 ||| FLEEEEING.
 12680 | Lair:3   | 12680 ||| STAIRDANCE
 12744 | Lair:3   | 12744 ||| Stepping ~*~*~tactically~*~*~ (stealth).
 12746 | Lair:3   | 12746 ||| INVOKING Heroism.
 12751 | Lair:3   | 12751 ||| Stepping ~*~*~tactically~*~*~ (stealth).
 12753 | Lair:3   | 12753 ||| STAIRDANCE
 12766 | Lair:3   | Received a gift from Okawaru
 12767 | Lair:3   | Reached skill level 12 in Axes
 12830 | Lair:3   | 12830 ||| DROPPING +0 morningstar.
 12835 | Lair:3   | 12835 ||| Stepping ~*~*~tactically~*~*~ (hiding).
 12858 | Lair:3   | 12858 ||| Stepping ~*~*~tactically~*~*~ (stealth).
 12860 | Lair:3   | 12860 ||| Stepping ~*~*~tactically~*~*~ (stealth).
 12861 | Lair:3   | 12861 ||| Stepping ~*~*~tactically~*~*~ (stealth).
 12865 | Lair:3   | 12865 ||| INVOKING Heroism.
 12875 | Lair:3   | Reached skill level 9 in Armour
 13001 | Lair:3   | 13001 ||| READING scroll of brand weapon.
 13001 | Lair:3   | 13001 ||| BRANDING +3 war axe of freezing.
 13002 | Lair:3   | 13002 ||| DROPPING +1 morningstar of venom.
 13098 | Lair:3   | 13098 ||| INVOKING Heroism.
 13245 | Lair:3   | Noticed a six-headed hydra
 13246 | Lair:3   | 13246 ||| INVOKING Heroism.
 13256 | Lair:3   | Killed a two-headed hydra
 13257 | Lair:3   | Reached skill level 6 in Shields
 13676 | Lair:3   | Noticed a boulder beetle
 13677 | Lair:3   | 13677 ||| INVOKING Heroism.
 13678 | Lair:3   | 13678 ||| INVOKING Finesse.
 13711 | Lair:3   | Killed a boulder beetle
 13881 | Lair:3   | 13881 ||| Stepping ~*~*~tactically~*~*~ (hiding).
 13930 | Lair:3   | Found a hole to the Spider Nest.
 14252 | Lair:4   | Found a frozen archway.
 14255 | Lair:4   | Noticed a boulder beetle
 14256 | Lair:4   | 14256 ||| INVOKING Heroism.
 14257 | Lair:4   | 14257 ||| INVOKING Finesse.
 14294 | Lair:4   | 14294 ||| INVOKING Finesse.
 14302 | Lair:4   | Killed a boulder beetle
 14466 | Lair:4   | Identified the ring "Suowyec" {rElec rPois AC+4 Str-4
                  | Int+8}
 14472 | Lair:4   | 14472 ||| READING scroll of brand weapon.
 14472 | Lair:4   | 14472 ||| BRANDING +3 war axe of flaming.
 14512 | Lair:4   | 14512 ||| INVOKING Heroism.
 14574 | Lair:4   | Found a staircase to the Slime Pits.
 14582 | Lair:4   | Found a viscous altar of Jiyva.
 14602 | Lair:4   | 14602 ||| INVOKING Heroism.
 14603 | Lair:4   | 14603 ||| INVOKING Finesse.
 14708 | Lair:4   | 14708 ||| READING scroll of enchant armour.
 14708 | Lair:4   | 14708 ||| ENCHANTING +0 pair of gloves.
 14738 | Lair:4   | Found a runed translucent door.
 14738 | Lair:4   | Noticed qw's ghost (journeyman GrFi)
 14777 | Lair:4   | 14777 ||| READING scroll of brand weapon.
 14777 | Lair:4   | 14777 ||| BRANDING +3 war axe of electrocution.
 15122 | Lair:4   | 15122 ||| Stepping ~*~*~tactically~*~*~ (stealth).
 15123 | Lair:4   | 15123 ||| Stepping ~*~*~tactically~*~*~ (stealth).
 15231 | Lair:4   | 15231 ||| DROPPING orb of guile.
 15232 | Lair:4   | 15232 ||| DROPPING ring "Suowyec" {rElec rPois AC+4 Str-4
                  | Int+8}.
 15233 | Lair:4   | 15233 ||| READING scroll labelled NUXEBL ZAUHOBI.
 15334 | Lair:4   | 15334 ||| READING 2 scrolls of identify.
 15334 | Lair:4   | 15334 ||| IDENTIFYING fuming inky potion
 15335 | Lair:4   | 15335 ||| DROPPING potion of berserk rage.
 15342 | Lair:5   | Entered Level 5 of the Lair of Beasts
 15353 | Lair:5   | 15353 ||| INVOKING Heroism.
 15355 | Lair:5   | 15355 ||| Stepping ~*~*~tactically~*~*~ (stealth).
 15395 | Lair:5   | Reached skill level 13 in Axes
 15423 | Lair:5   | Reached XP level 13. HP: 82/82 MP: 20/20
 15510 | Lair:5   | 15510 ||| INVOKING Heroism.
 15659 | Lair:5   | 15659 ||| INVOKING Heroism.
 15661 | Lair:5   | 15661 ||| Stepping ~*~*~tactically~*~*~ (stealth).
 15662 | Lair:5   | 15662 ||| Stepping ~*~*~tactically~*~*~ (stealth).
 15663 | Lair:5   | Received a gift from Okawaru
 15664 | Lair:5   | 15664 ||| Stepping ~*~*~tactically~*~*~ (stealth).
 15665 | Lair:5   | 15665 ||| Stepping ~*~*~tactically~*~*~ (stealth).
 15715 | Lair:5   | 15715 ||| INVOKING Heroism.
 15716 | Lair:5   | Identified the +5 kite shield of the Volcano {rC+++ Int+6
                  | Dex-3} (Okawaru gifted it to you on level 5 of the Lair of
                  | Beasts)
 15716 | Lair:5   | Received a gift from Okawaru
 15859 | Lair:5   | 15859 ||| INVOKING Heroism.
 15938 | Lair:5   | 15938 ||| INVOKING Heroism.
 15939 | Lair:5   | 15939 ||| INVOKING Finesse.
 16175 | Lair:5   | 16175 ||| INVOKING Heroism.
 16197 | Lair:5   | 16197 ||| INVOKING Heroism.
 16198 | Lair:5   | 16198 ||| INVOKING Finesse.
 16201 | Lair:5   | Identified the +2 hand axe "Luufisir" {flame, rF+ rN++}
 16363 | Lair:5   | 16363 ||| INVOKING Heroism.
 16446 | Lair:5   | Reached skill level 14 in Axes
 16612 | Lair:5   | 16612 ||| PLANNING D:1-11
 16612 | Lair:5   | 16612 ||| UPGRADING to +5 kite shield of the Volcano {rC+++
                  | Int+6 Dex-3}.
 16622 | Lair:5   | 16622 ||| DROPPING +0 buckler of fire resistance.
 16623 | Lair:5   | 16623 ||| DRINKING 3 black potions.
 16624 | Lair:5   | 16624 ||| DRINKING 3 cyan potions.
 16625 | Lair:5   | 16625 ||| DROPPING 2 potions of brilliance.
 16626 | Lair:5   | 16626 ||| DROPPING 2 potions of flight.
 16758 | D:10     | Entered Level 10 of the Dungeon
 16781 | D:10     | 16781 ||| Stepping ~*~*~tactically~*~*~ (stealth).
 16789 | D:10     | 16789 ||| Stepping ~*~*~tactically~*~*~ (stealth).
 16821 | D:10     | 16821 ||| INVOKING Heroism.
 16835 | D:10     | 16835 ||| Stepping ~*~*~tactically~*~*~ (stealth).
 16839 | D:10     | 16839 ||| Stepping ~*~*~tactically~*~*~ (hiding).
 16891 | D:10     | You fall into a shaft and drop 1 floor!
 16965 | D:11     | Identified the +6 spear of Valuable Assets {speed, rF+
                  | Str+6 Int-2}
 17032 | D:11     | Found a staircase to the Orcish Mines.
 17202 | D:10     | 17202 ||| Stepping ~*~*~tactically~*~*~ (stealth).
 17205 | D:10     | 17205 ||| Stepping ~*~*~tactically~*~*~ (stealth).
 17206 | D:10     | 17206 ||| Stepping ~*~*~tactically~*~*~ (hiding).
 17214 | D:10     | 17214 ||| INVOKING Heroism.
 17547 | D:10     | 17547 ||| UPGRADING to +1 pair of gloves of strength.
 17557 | D:10     | 17557 ||| DROPPING +1 pair of gloves.
 17584 | D:11     | Reached skill level 9 in Shields
 17591 | D:11     | 17591 ||| FLEEEEING.
 17592 | D:11     | 17592 ||| STAIRDANCE
 17764 | D:11     | Found a portal to a secret trove of treasure.
 17865 | D:11     | 17865 ||| Stepping ~*~*~tactically~*~*~ (hiding).
 17871 | D:11     | 17871 ||| INVOKING Heroism.
 17874 | D:11     | 17874 ||| Stepping ~*~*~tactically~*~*~ (hiding).
 18027 | D:11     | 18027 ||| Stepping ~*~*~tactically~*~*~ (stealth).
 18083 | D:11     | 18083 ||| PLANNING D
 18083 | D:11     | 18083 ||| DROPPING +2 hat.
 18107 | D:12     | Noticed Maurice
 18116 | D:12     | Killed Maurice
 18260 | D:12     | Identified the +8 long sword "Aplel" {drain, *Slow Dex+2
                  | SInv}
 18495 | D:12     | 18495 ||| Stepping ~*~*~tactically~*~*~ (hiding).
 18496 | D:12     | 18496 ||| Stepping ~*~*~tactically~*~*~ (hiding).
 18497 | D:12     | 18497 ||| Stepping ~*~*~tactically~*~*~ (hiding).
 18504 | D:12     | Gained mutation: Your large and strong wings let you fly.
                  | [Gargoyle growth]
 18504 | D:12     | Reached XP level 14. HP: 79/88 MP: 21/21
 18964 | D:12     | 18964 ||| INVOKING Heroism.
 18970 | D:12     | 18970 ||| INVOKING Finesse.
 19175 | D:12     | 19175 ||| UPGRADING to +0 cloak.
 19329 | D:13     | 19329 ||| FLEEEEING.
 19332 | D:13     | 19332 ||| FLEEEEING.
 19334 | D:13     | 19334 ||| FLEEEEING.
 19335 | D:13     | 19335 ||| FLEEEEING.
 19336 | D:13     | 19336 ||| FLEEEEING.
 19337 | D:13     | 19337 ||| FLEEEEING.
 19338 | D:13     | 19338 ||| FLEEEEING.
 19339 | D:13     | 19339 ||| FLEEEEING.
 19345 | D:13     | 19345 ||| Stepping ~*~*~tactically~*~*~ (stealth).
 19351 | D:13     | 19351 ||| Stepping ~*~*~tactically~*~*~ (hiding).
 19353 | D:13     | Received a gift from Okawaru
 19595 | D:13     | 19595 ||| Stepping randomly (disturbance).
 19623 | D:13     | 19623 ||| INVOKING Heroism.
 19630 | D:13     | 19630 ||| Stepping ~*~*~tactically~*~*~ (hiding).
 19805 | D:13     | Found a radiant altar of Vehumet.
 20007 | D:14     | Identified the +4 hand axe of the Floral God {spect, Int+2}
                  | (Okawaru gifted it to you on level 14 of the Dungeon)
 20007 | D:14     | Received a gift from Okawaru
 20041 | D:14     | 20041 ||| Stepping ~*~*~tactically~*~*~ (hiding).
 20044 | D:14     | Found a gate to the Vaults.
 20045 | D:14     | 20045 ||| INVOKING Heroism.
 20507 | D:14     | Found a stormy altar of Qazlal.
 20646 | D:15     | Entered Level 15 of the Dungeon
 20653 | D:15     | 20653 ||| FLEEEEING.
 20654 | D:15     | 20654 ||| FLEEEEING.
 20655 | D:15     | 20655 ||| STAIRDANCE
 20743 | D:15     | 20743 ||| INVOKING Heroism.
 20744 | D:15     | 20744 ||| INVOKING Finesse.
 20746 | D:15     | 20746 ||| SWAPPING to +2 hand axe "Luufisir" {flame, rF+
                  | rN++}.
 20755 | D:15     | 20755 ||| SWAPPING to +3 spectral war axe.
 20770 | D:15     | 20770 ||| Stepping ~*~*~tactically~*~*~ (hiding).
 20890 | D:15     | 20890 ||| INVOKING Heroism.
 20891 | D:15     | 20891 ||| INVOKING Finesse.
 21005 | D:15     | 21005 ||| INVOKING Heroism.
 21127 | D:15     | 21127 ||| INVOKING Heroism.
 21135 | D:15     | Reached skill level 12 in Shields
 21135 | D:15     | 21135 ||| Stepping ~*~*~tactically~*~*~ (hiding).
 21136 | D:15     | 21136 ||| Stepping ~*~*~tactically~*~*~ (hiding).
 21158 | D:15     | Found a staircase to the Depths.
 21159 | D:15     | 21159 ||| Stepping ~*~*~tactically~*~*~ (hiding).
 21162 | D:15     | 21162 ||| INVOKING Finesse.
 21256 | D:15     | 21256 ||| INVOKING Heroism.
 21565 | D:15     | 21565 ||| Stepping ~*~*~tactically~*~*~ (hiding).
 21574 | D:15     | 21574 ||| INVOKING Heroism.
 21599 | D:15     | Received a gift from Okawaru
 21851 | D:15     | 21851 ||| INVOKING Heroism.
 21852 | D:15     | 21852 ||| INVOKING Finesse.
 21854 | D:15     | 21854 ||| SWAPPING to +2 hand axe "Luufisir" {flame, rF+
                  | rN++}.
 21864 | D:15     | 21864 ||| SWAPPING to +3 spectral war axe.
 21993 | D:15     | 21993 ||| Stepping ~*~*~tactically~*~*~ (hiding).
 22137 | D:15     | 22137 ||| INVOKING Heroism.
 22148 | D:15     | Reached skill level 15 in Axes
 22162 | D:15     | Reached XP level 15. HP: 47/95 MP: 22/22
 22371 | D:15     | 22371 ||| PLANNING ORC
 22371 | D:15     | 22371 ||| DROPPING ring of willpower.
 22372 | D:15     | 22372 ||| DRINKING 2 murky white potions.
 22517 | Orc:1    | Entered Level 1 of the Orcish Mines
 22518 | Orc:1    | 22518 ||| INVOKING Heroism.
 22617 | Orc:1    | Found a transporter.
 22753 | Orc:1    | 22753 ||| INVOKING Heroism.
 22754 | Orc:1    | 22754 ||| INVOKING Finesse.
 22767 | Orc:1    | 22767 ||| Stepping ~*~*~tactically~*~*~ (stealth).
 22858 | Orc:2    | Entered Level 2 of the Orcish Mines
 22860 | Orc:2    | 22860 ||| INVOKING Heroism.
 22864 | Orc:2    | Reached skill level 12 in Fighting
 22900 | Orc:2    | Noticed an orc warlord
 22901 | Orc:2    | 22901 ||| STAIRDANCE
 22906 | Orc:2    | 22906 ||| STAIRDANCE
 22908 | Orc:1    | 22908 ||| INVOKING Heroism.
 22922 | Orc:1    | HP: 24/96 [orc warlord/+0 broad axe (3)]
 22923 | Orc:1    | 22923 ||| READING 11 scrolls of teleportation.
 22924 | Orc:1    | 22924 ||| DRINKING potion of heal wounds.
 22928 | Orc:1    | Killed an orc warlord
 23175 | Orc:2    | 23175 ||| STAIRDANCE
 23177 | Orc:1    | 23177 ||| INVOKING Heroism.
 23178 | Orc:1    | 23178 ||| SWAPPING to +0 broad axe.
 23204 | Orc:1    | 23204 ||| DROPPING +3 spectral war axe.
 23205 | Orc:1    | 23205 ||| READING scroll of brand weapon.
 23205 | Orc:1    | 23205 ||| BRANDING +0 broad axe.
 23206 | Orc:1    | 23206 ||| UPGRADING to +0 plate armour of fire resistance.
 23216 | Orc:1    | 23216 ||| DROPPING +0 plate armour.
 23219 | Orc:2    | 23219 ||| STAIRDANCE
 23266 | Orc:2    | Received a gift from Okawaru
 23346 | Orc:2    | 23346 ||| INVOKING Heroism.
 23440 | Orc:2    | 23440 ||| Stepping ~*~*~tactically~*~*~ (hiding).
 23448 | Orc:2    | 23448 ||| INVOKING Heroism.
 23467 | Orc:2    | 23467 ||| Stepping ~*~*~tactically~*~*~ (hiding).
 23471 | Orc:2    | 23471 ||| Stepping ~*~*~tactically~*~*~ (stealth).
 23481 | Orc:2    | 23481 ||| INVOKING Heroism.
 23504 | Orc:2    | 23504 ||| Stepping ~*~*~tactically~*~*~ (stealth).
 23510 | Orc:2    | 23510 ||| Stepping ~*~*~tactically~*~*~ (stealth).
 23575 | Orc:2    | 23575 ||| INVOKING Heroism.
 23610 | Orc:2    | 23610 ||| DRINKING 7 potions of curing.
 23610 | Orc:2    | 23610 ||| (to cure confusion)
 23630 | Orc:2    | 23630 ||| INVOKING Heroism.
 23683 | Orc:2    | 23683 ||| INVOKING Heroism.
 23697 | Orc:2    | HP: 15/96 [smoke demon/divine providence[an orc high
                  | priest] (16)]
 23698 | Orc:2    | 23698 ||| READING 10 scrolls of teleportation.
 23703 | Orc:2    | 23703 ||| FLEEEEING.
 23704 | Orc:2    | 23704 ||| READING 9 scrolls of teleportation.
 23814 | Orc:2    | 23814 ||| Invisible monster not found???
 23854 | Orc:2    | 23854 ||| INVOKING Heroism.
 23864 | Orc:2    | Received a gift from Okawaru
 23922 | Orc:2    | 23922 ||| INVOKING Heroism.
 24001 | Orc:2    | 24001 ||| FLEEEEING.
 24073 | Orc:2    | 24073 ||| INVOKING Heroism.
 24097 | Orc:2    | 24097 ||| Stepping ~*~*~tactically~*~*~ (hiding).
 24099 | Orc:2    | 24099 ||| Stepping ~*~*~tactically~*~*~ (hiding).
 24100 | Orc:2    | 24100 ||| Stepping ~*~*~tactically~*~*~ (hiding).
 24105 | Orc:2    | 24105 ||| INVOKING Heroism.
 24115 | Orc:2    | 24115 ||| Stepping ~*~*~tactically~*~*~ (stealth).
 24117 | Orc:2    | 24117 ||| Stepping ~*~*~tactically~*~*~ (stealth).
 24123 | Orc:2    | Found a staircase to the Elven Halls.
 24127 | Orc:2    | 24127 ||| Stepping ~*~*~tactically~*~*~ (hiding).
 24192 | Orc:2    | 24192 ||| INVOKING Heroism.
 24262 | Orc:2    | 24262 ||| FLEEEEING.
 24263 | Orc:2    | 24263 ||| FLEEEEING.
 24338 | Orc:2    | 24338 ||| INVOKING Heroism.
 24371 | Orc:2    | Reached skill level 16 in Axes
 24554 | Orc:2    | Found Jadeuj's Book Boutique.
 24556 | Orc:2    | 24556 ||| Stepping ~*~*~tactically~*~*~ (stealth).
 24562 | Orc:2    | 24562 ||| INVOKING Heroism.
 24577 | Orc:2    | Found Revup's Book Emporium.
 24584 | Orc:2    | Found Zoz Coxo's Antique Armour Emporium.
 24586 | Orc:2    | Found Rehosch's Distillery.
 24592 | Orc:2    | 24592 ||| BUYING pair of embroidered boots (240 gold).
 24592 | Orc:2    | Bought a pair of embroidered boots for 240 gold pieces
 24592 | Orc:2    | 24592 ||| BUYING spiked chain mail (304 gold).
 24592 | Orc:2    | Bought a spiked chain mail for 304 gold pieces
 24592 | Orc:2    | Identified the +1 chain mail of the Louse {Contam rC++
                  | rN+++} (You bought it in a shop on level 2 of the Orcish
                  | Mines)
 24595 | Orc:2    | 24595 ||| BUYING 2 potions of heal wounds (120 gold).
 24595 | Orc:2    | Bought 2 potions of heal wounds for 120 gold pieces
 24595 | Orc:2    | 24595 ||| BUYING potion of curing (36 gold).
 24595 | Orc:2    | Bought a potion of curing for 36 gold pieces
 24595 | Orc:2    | 24595 ||| BUYING potion of magic (96 gold).
 24595 | Orc:2    | Bought a potion of magic for 96 gold pieces
 24958 | Orc:2    | 24958 ||| UPGRADING to +2 plate armour of willpower.
 24968 | Orc:2    | 24968 ||| UPGRADING to +2 pair of boots.
 24978 | Orc:2    | 24978 ||| DROPPING +0 pair of boots.
 25012 | Orc:1    | Noticed an orc warlord
 25012 | Orc:1    | Noticed an orc warlord
 25013 | Orc:1    | 25013 ||| INVOKING Heroism.
 25032 | Orc:1    | HP: 18/96 [orc warlord/+1 dire flail of protection (14)]
 25033 | Orc:1    | 25033 ||| READING 8 scrolls of teleportation.
 25034 | Orc:1    | 25034 ||| DRINKING 2 potions of heal wounds.
 25036 | Orc:1    | 25036 ||| DRINKING potion of heal wounds.
 25043 | Orc:1    | HP: 9/96 [orc warlord/+1 dire flail of protection (20)]
 25044 | Orc:1    | 25044 ||| READING 7 scrolls of teleportation.
 25045 | Orc:1    | Killed an orc warlord
 25047 | Orc:1    | Killed an orc warlord
 25390 | Orc:1    | 25390 ||| PLANNING SPIDER:1-3
 25390 | Orc:1    | 25390 ||| UPGRADING to +0 tower shield.
 25508 | Lair:3   | 25508 ||| Stepping ~*~*~tactically~*~*~ (stealth).
 25549 | Spider:1 | Entered Level 1 of the Spider Nest
 25596 | Spider:1 | Noticed an emperor scorpion
 25597 | Spider:1 | 25597 ||| INVOKING Heroism.
 25612 | Spider:1 | 25612 ||| INVOKING Finesse.
 25627 | Spider:1 | HP: 2/96 [disintegration[a torpor snail] (42)]
 25628 | Spider:1 | 25628 ||| READING 6 scrolls of teleportation.
 25632 | Spider:1 | Killed an emperor scorpion
 25653 | Spider:1 | 25653 ||| Stepping ~*~*~tactically~*~*~ (stealth).
 25656 | Spider:1 | 25656 ||| READING 5 scrolls of teleportation.
 25664 | Spider:1 | 25664 ||| READING 4 scrolls of teleportation.
 25664 | Spider:1 | HP: 4/96 [jumping spider (6)]
 25665 | Spider:1 | 25665 ||| INVOKING Heroism.
 25665 | Spider:1 | HP: 1/96 [electric eel/bolt of electricity (1)]
 25665 | Spider:1 | Slain by a jumping spider

Levels and vault maps discovered:
D:1:      dpeg_arrival_signposts, layout_basic, minmay_misc_feat_encased
D:2:      layout_loops_ring, basic_altar
D:3:      cheibrodos_thug_alley, layout_basic, grunt_temple_overflow_holy_war,
          mainiacjoe_overflow_surrounded_room, serial_shops, shop
D:4:      layout_basic, kennysheep_vampire_church, minmay_temple_entry_fiery,
          minmay_strange_pillars, uniq_ijyb
D:5:      layout_basic, serial_demonic, serial_demonic_f, serial_demonic_d,
          serial_demonic_d, serial_demonic_f, serial_demonic_f,
          serial_demonic_g, serial_demonic_f, minmay_misc_feat_pillars,
          eino_tiny_chamber, st_stairs_11, abandoned_shop, uniq_edmund
D:6:      layout_loops_ring, nicolae_overflow_hallway_of_the_gods,
          serial_undead, serial_undead_f, serial_undead_c, serial_undead_d,
          serial_undead_b, serial_undead_d, serial_undead_d, serial_undead_a,
          serial_undead_b, nrook_mini_backslash, minmay_chambers_of_fives
D:7:      layout_basic, fedhas_bush_and_centaur_altar,
          gammafunk_ghost_wrathful_warriors, uniq_joseph, uniq_menkaure
D:8:      layout_gridville, mainiacjoe_overflow_alcove_4, enter_ossuary_3
D:9:      layout_gridville, nemelex_spade_bored_becter,
          due_lair_maze_entry_diamond
D:10:     layout_rooms, minmay_fractal_squares_5
D:11:     layout_loops_ring, orc_0_dummy, enter_trove_3,
          minmay_sticks_and_stones
D:12:     layout_grid_maze, bh_walls_and_bars, uniq_maurice
D:13:     layout_loops_ring, vehumet_altar_wand_db
D:14:     layout_rooms, david_vaults_2, nicolae_qazlal_scattered_showers
D:15:     hangedman_depths_entry_civil_slaughter, layout_long_grid,
          chequers_decorated_corner
Temple:   nicolae_temple_bog_church
Lair:1:   layout_hall_layers, gammafunk_ghost_abyssal_escape
Lair:2:   layout_loops_ring, minmay_swamp_entry_swarm, minmay_stone_trees_medium
Lair:3:   layout_cave_shapes, spider_nest_entry_webs, grunt_megastairs_1
Lair:4:   layout_roguey, slime_entry_1, portal_ice_cave_entry_pillars_2,
          gammafunk_ghost_grave, grunt_megastairs_4
Lair:5:   gammafunk_lair_ancient_temple, layout_long_grid,
          nicolae_quartered_pool_super, chequers_serial_rivers_micro_a
Spider:1: nicolae_spider_jumping_over_cracks [nicolae_spider_jumping_sub_divot,
          nicolae_spider_jumping_sub_offset, nicolae_spider_jumping_sub_empty,
          nicolae_spider_jumping_sub_pools], drop_trap,
          hangedman_spider_mandibles
Orc:1:    gammafunk_beogh_shrine, layout_caves, basic_altar
Orc:2:    st_orc_elflike, layout_diamond_mine, basic_altar

Skill      XL: |  1  2  3  4  5  6  7  8  9 10 11 12 13 14 15 |
---------------+----------------------------------------------+-----
Axes           | 2 3 5 6 7 8 9 10 11 13 14 15 16 | 16.0
Fighting       | 4 5 7 8 9 10 11 12 | 12.0
Dodging        | 1 2 |  2.1
Armour         | 4 6 7 8 9 10 11 | 11.7
Invocations    | 4 5 9 10 | 10.0
Throwing       | 2 3 5 |  5.1
Shields        | 4 5 6 10 12 | 12.6

Action                   |  1- 3 |  4- 6 |  7- 9 | 10-12 | 13-15 || total
-------------------------+-------+-------+-------+-------+-------++-------
Melee: War axe           |   119 |   179 |   268 |   588 |   475 ||  1629
       Hand axe          |       |       |       |       |    15 ||    15
       Broad axe         |       |       |       |       |   328 ||   328
Throw: Javelin           |       |       |    26 |    43 |     7 ||    76
       Boomerang         |       |       |       |    94 |   168 ||   262
Invok: Heroism           |       |       |     7 |    27 |    43 ||    77
       Finesse           |       |       |       |     4 |     9 ||    13
  Use: Scroll            |     3 |     7 |    10 |    12 |     9 ||    41
       Potion            |       |     1 |     1 |     1 |     7 ||    10
 Stab: Distracted        |       |       |       |       |     7 ||     7
Armor: Scale mail        |    53 |     1 |       |       |       ||    54
       Chain mail        |       |   133 |   119 |       |       ||   252
       Plate armour      |       |       |    29 |   273 |   357 ||   659
Dodge: Dodged            |    54 |    61 |   155 |   249 |   289 ||   808
Block: Buckler           |    21 |    28 |    45 |   102 |    14 ||   210
       Kite shield       |       |       |       |       |   545 ||   545
       Tower shield      |       |       |       |       |    66 ||    66

Table legend:
 A = Non-vault XP
 B = Vault XP
 C = Vault XP percentage of total XP
 D = Non-vault monster count
 E = Vault monster count
 F = Vault count percentage of total count
                 A         B        C        D         E       F
            +---------+---------+-------+---------+---------+-------
      Total |   81344 |   31010 |  27.6 |     492 |     134 |  21.4
            +---------+---------+-------+---------+---------+-------
        D:1 |      46 |       0 |   0.0 |      18 |       0 |   0.0
        D:2 |      46 |       0 |   0.0 |      18 |       0 |   0.0
        D:3 |      59 |     205 |  77.7 |      15 |      10 |  40.0
        D:4 |     406 |     313 |  43.5 |      23 |      12 |  34.3
        D:5 |     653 |     255 |  28.1 |       8 |      11 |  57.9
        D:6 |     169 |    1143 |  87.1 |      10 |      19 |  65.5
        D:7 |    1509 |     734 |  32.7 |      29 |       3 |   9.4
        D:8 |    1211 |       0 |   0.0 |      22 |       0 |   0.0
        D:9 |    1662 |    1146 |  40.8 |      21 |       8 |  27.6
       D:10 |    3683 |     765 |  17.2 |      26 |       5 |  16.1
       D:11 |    3238 |     534 |  14.2 |      20 |       1 |   4.8
       D:12 |    2588 |     469 |  15.3 |       5 |       1 |  16.7
       D:13 |    4531 |       2 |   0.0 |      10 |       1 |   9.1
       D:14 |    3858 |    2531 |  39.6 |       9 |       3 |  25.0
       D:15 |   15549 |    4267 |  21.5 |      36 |       6 |  14.3
     Lair:1 |    6214 |       0 |   0.0 |      27 |       0 |   0.0
     Lair:2 |    2479 |     712 |  22.3 |       9 |       4 |  30.8
     Lair:3 |    7058 |    1871 |  21.0 |      26 |       8 |  23.5
     Lair:4 |    1927 |     350 |  15.4 |       7 |       1 |  12.5
     Lair:5 |    7213 |    7335 |  50.4 |      30 |      15 |  33.3
   Spider:1 |    4167 |     253 |   5.7 |       7 |       1 |  12.5
      Orc:1 |    8885 |       0 |   0.0 |      49 |       0 |   0.0
      Orc:2 |    4193 |    8125 |  66.0 |      67 |      25 |  27.2
            +---------+---------+-------+---------+---------+-------
